 Dungeon Crawl Stone Soup version 0.27-a0-1202-ge72e49191c (webtiles) character file.

Game seed: 2303734100278475466

13252 robertstho the Frost Mage (level 12, -3/89 HPs)
             Began as a Gnoll Ice Elementalist on June 3, 2021.
             Was a Priest of Sif Muna.
             Slain by a polar bear (17 damage)
             ... in an ice cave.
             The game lasted 00:33:54 (12265 turns).

robertstho the Frost Mage (Gnoll Ice Elementalist) Turns: 12265, Time: 00:33:56

Health: -3/89      AC: 12    Str: 10    XL:     12   Next: 4%
Magic:  27/33      EV: 15    Int: 20    God:    Sif Muna [***...]
Gold:   1256       SH:  0    Dex: 13    Spells: 12/28 levels left

rFire    x . .     SeeInvis +   K - staff of cold
rCold    + + .     Faith    .   (no shield)
rNeg     . . .     Spirit   .   t - +0 steam dragon scales
rPois    .         Reflect  .   h - +2 helmet {SInv}
rElec    .         Harm     .   (no cloak)
rCorr    .         Rampage  .   m - +1 pair of gloves {Str+3}
Will     .....                  (no boots)
Stlth    ++++......             H - amulet of magic regeneration
HPRegen  0.24/turn              q - ring of ice
MPRegen  0.48/turn              a - ring of magical power

@: freezing walls
A: fangs 1, strong nose, distributed training
a: Renounce Religion, Channel Magic, Forget Spell


You were in an ice cave.
You worshipped Sif Muna.
Sif Muna was most pleased with you.
You visited 3 branches of the dungeon, and saw 11 of its levels.
You also visited: Ossuary and Ice Cave.

You collected 1256 gold pieces.

Inventory:

Hand Weapons
 o - a +0 triple crossbow
 u - a +0 rapier
 I - a +2 hand axe of electrocution
Missiles
 v - 6 atropa-tipped darts
 x - 19 bolts
 G - 8 curare-tipped darts
Armour
 h - a +2 helmet of see invisible (worn)
 m - a +1 pair of gloves of strength (worn)
 t - +0 steam dragon scales (worn)
Magical Staves
 K - a staff of cold (weapon)
Jewellery
 a - a ring of magical power (right hand)
 q - a ring of ice (left hand)
 s - a ring of ice
 F - an amulet of regeneration
 H - an amulet of magic regeneration (around neck)
Wands
 n - a wand of iceblast (14)
 y - a wand of charming (10)
 M - a wand of polymorph (9)
Scrolls
 d - 3 scrolls of fog {unknown}
 e - 2 scrolls of fear {unknown}
 j - 5 scrolls of teleportation
 l - a scroll of silence
 w - 3 scrolls of enchant armour
 B - 2 scrolls of vulnerability
 J - a scroll of amnesia
 N - a scroll of blinking
Potions
 b - a potion of flight {unknown}
 c - 2 potions of haste
 f - 11 potions of curing {unknown}
 g - 3 potions of invisibility {unknown}
 i - a potion of might {unknown}
 k - 3 potions of mutation {unknown}
 p - 4 potions of lignification
 z - a potion of berserk rage {unknown}
 A - a potion of attraction {unknown}
 C - a potion of brilliance {unknown}
 D - a potion of heal wounds {unknown}
 E - a potion of ambrosia
Miscellaneous
 L - a lightning rod (1/4)


   Skills:
 + Level 6.8 Fighting
 + Level 6.8 Short Blades
 + Level 6.8 Long Blades
 + Level 6.8 Axes
 + Level 6.8 Maces & Flails
 + Level 6.8 Polearms
 + Level 6.8 Staves
 + Level 6.8 Slings
 + Level 6.8 Bows
 + Level 6.8 Crossbows
 + Level 6.8 Throwing
 + Level 6.8 Armour
 + Level 8.3 Dodging
 + Level 8.1 Stealth
 + Level 6.8 Shields
 + Level 6.8 Unarmed Combat
 + Level 8.6 Spellcasting
 + Level 5.7 Conjurations
 + Level 5.7 Hexes
 + Level 5.7 Summonings
 + Level 5.7 Necromancy
 + Level 5.7 Translocations
 + Level 5.7 Transmutations
 + Level 5.7 Fire Magic
 + Level 9.2 Ice Magic
 + Level 5.7 Air Magic
 + Level 5.7 Earth Magic
 + Level 5.7 Poison Magic
 + Level 7.5 Invocations
 + Level 6.8 Evocations


You had 12 spell levels left.
You knew the following spells:

 Your Spells              Type           Power      Damage    Failure   Level
a - Freeze                Ice            100%       1d11      1%          1
b - Frozen Ramparts       Ice            100%       1d12      1%          3
c - Ozocubu's Armour      Ice            80%        N/A       1%          3
d - Hailstorm             Conj/Ice       72%        3d15      3%          4
e - Metabolic Englaciati  Hex/Ice        36%        N/A       11%         5

Your spell library contained the following spells:

 Spells                   Type           Power      Damage    Failure   Level
 Corona                   Hex            34%        N/A       1%          1
 Summon Small Mammal      Summ           100%       N/A       1%          1
 Call Imp                 Summ           31%        N/A       1%          2
 Poisonous Vapours        Pois/Air       62%        N/A       1%          2
 Slow                     Hex            31%        N/A       1%          2
 Call Canine Familiar     Summ           31%        N/A       2%          3
 Conjure Flame            Conj/Fire      31%        6-21      2%          3
 Inner Flame              Hex/Fire       31%        N/A       2%          3
 Mephitic Cloud           Conj/Pois/Air  31%        N/A       2%          3
 Portal Projectile        Hex/Tloc       62%        N/A       2%          3
 Summon Guardian Golem    Hex/Summ       31%        N/A       2%          3
 Summon Ice Beast         Ice/Summ       72%        N/A       3%          4
 Cause Fear               Hex            15%        N/A       8%          4
 Leda's Liquefaction      Hex/Erth       15%        N/A       8%          4
 Summon Lightning Spire   Summ/Air       31%        N/A       8%          4
 Freezing Cloud           Conj/Ice/Air   34%        6-21      58%         6


Dungeon Overview and Level Annotations

Branches:
Dungeon (9/15)             Temple (1/1) D:5            Lair (1/6) D:9
Ossuary (visited)           IceCv (1/1)
    Orc: D:9-12

Altars:
Ashenzari
Cheibriados
Dithmenos
Elyvilon
Gozag
Kikubaaqudgha
Nemelex Xobeh
Sif Muna
Uskayaw
Vehumet
Wu Jian
Xom
Yredelemnul

Annotations:
D:4 2 transporters, Menkaure


Innate Abilities, Weirdness & Mutations

You have very sharp teeth.
Your uncanny sense of smell can sniff out nearby items.
Your experience applies equally to all skills.


Message History

The polar bear resists.
The wall freezes the polar bear.
The polar bear bites you. The polar bear completely misses you.
The polar bear barely misses you.
Casting: Freeze (safe; 1% risk of failure)
Confirm with . or Enter, or press ? or * to list all spells.
Aiming: Freeze (safe; 1% risk of failure)
Press: ? - help, Shift-Dir - straight line, f/p - polar bear
Aim: a polar bear (heavily wounded)
You feel a strong surge of power!
You freeze the polar bear.
The polar bear resists.
The polar bear is heavily wounded.
The polar bear resists.
The wall freezes the polar bear.
The polar bear barely misses you. The polar bear completely misses you.
The polar bear claws you but does no damage.
Casting: Freeze (safe; 1% risk of failure)
Confirm with . or Enter, or press ? or * to list all spells.
Aiming: Freeze (safe; 1% risk of failure)
Press: ? - help, Shift-Dir - straight line, f/p - polar bear
Aim: a polar bear (severely wounded)
You feel a strong surge of power!
You freeze the polar bear.
The polar bear resists.
The polar bear is severely wounded.
The polar bear resists.
The wall freezes the polar bear.
The polar bear goes berserk!
Casting: Freeze (safe; 1% risk of failure)
Confirm with . or Enter, or press ? or * to list all spells.
Aiming: Freeze (safe; 1% risk of failure)
Press: ? - help, Shift-Dir - straight line, f/p - polar bear
Aim: a polar bear (severely wounded, berserk)
You feel a strong surge of power!
You freeze the polar bear.
The polar bear resists.
The polar bear is severely wounded.
The polar bear resists.
The wall freezes the polar bear.
The polar bear bites you!
* * * LOW HITPOINT WARNING * * *
The polar bear claws you but does no damage.
The polar bear misses you.
The polar bear completely resists.
The wall freezes the polar bear but does no damage.
The polar bear bites you!
You die...

##∆ #Y## ∆ ∆
####.h.#∆∆ ∆ #
#.#YYCh#$) ∆
.##
##†#..Y...#
##.# ##h#.h#
#..# #@##.##
##..##
##.#####
#....##
##.#..##
##.....#
#..#...#
#...#..##
#...##.##
##.÷###..#
#.⌠###..#
#..##
##.####..###.#
#.## #..#
#####..# #.##
#..## ##..##


You could see a polar bear (berserk).

Vanquished Creatures
  Pikel (D:8)
  An ice statue (IceCv)
  2 rime drakes (Lair:1)
  13 polar bears (IceCv)
  27 yaks
  4 steam dragons
  A water moccasin (D:6)
  A hornet zombie (D:7)
  3 orc warriors
  An ice beast (D:8)
  A sky beast (D:5)
  A necrophage (D:6)
  15 wolves (IceCv)
  6 centaurs
  A kobold brigand (D:8)
  6 bullfrogs
  13 scorpions
  4 killer bees (D:7)
  4 wights (D:9)
  2 hounds (D:5)
  3 centaur zombies (Ossuary)
  2 human zombies (Ossuary)
  3 orc priests
  A gnoll shaman (D:6)
  3 jellies
  4 iguanas
  7 scorpion zombies
  3 orc wizards
  A killer bee zombie (D:7)
  3 mummies (Ossuary)
  Robin (D:2)
  A howler monkey zombie (D:6)
  3 gnolls (D:6)
  8 adders
  2 white imps
  A worm (D:4)
  2 dart slugs
  12 orcs
  11 endoplasms
  2 giant cockroaches (D:1)
  18 goblins
  3 hobgoblins
  4 jackals (D:1)
  8 kobolds
  4 quokkas
  9 ball pythons
  3 bats (D:1)
  7 frilled lizards
  3 hobgoblin zombies (Ossuary)
  2 kobold zombies (Ossuary)
  2 rats (D:3)
243 creatures vanquished.

Vanquished Creatures (others)
  A scorpion (Ossuary)
  11 fungi
  10 plants
22 creatures vanquished.

Grand Total: 265 creatures vanquished

Notes
Turn   | Place    | Note
-------+----------+-------------------------------------------
     0 | D:1      | robertstho the Gnoll Ice Elementalist began the quest for
                  | the Orb.
     0 | D:1      | Reached XP level 1. HP: 13/13 MP: 6/6
   429 | D:1      | Reached XP level 2. HP: 19/19 MP: 7/7
   665 | D:1      | Found a faded altar of an unknown god.
   941 | D:1      | Reached XP level 3. HP: 17/25 MP: 2/9
  1066 | D:1      | Reached skill level 5 in Spellcasting
  1845 | D:2      | Noticed Robin
  1860 | D:2      | Learned a level 3 spell: Frozen Ramparts
  1864 | D:2      | Killed Robin
  1865 | D:2      | Reached skill level 1 in Invocations
  1868 | D:2      | Reached skill level 1 in Fighting
  1868 | D:2      | Reached skill level 1 in Short Blades
  1868 | D:2      | Reached skill level 1 in Long Blades
  1868 | D:2      | Reached skill level 1 in Axes
  1868 | D:2      | Reached skill level 1 in Maces & Flails
  1868 | D:2      | Reached skill level 1 in Polearms
  1868 | D:2      | Reached skill level 1 in Staves
  1868 | D:2      | Reached skill level 1 in Slings
  1868 | D:2      | Reached skill level 1 in Bows
  1868 | D:2      | Reached skill level 1 in Crossbows
  1868 | D:2      | Reached skill level 1 in Throwing
  1868 | D:2      | Reached skill level 1 in Armour
  1868 | D:2      | Reached skill level 1 in Shields
  1868 | D:2      | Reached skill level 1 in Unarmed Combat
  1868 | D:2      | Reached skill level 1 in Evocations
  2002 | D:2      | Reached XP level 4. HP: 32/32 MP: 7/11
  2659 | D:3      | Reached skill level 1 in Conjurations
  2659 | D:3      | Reached skill level 1 in Hexes
  2659 | D:3      | Reached skill level 1 in Summonings
  2659 | D:3      | Reached skill level 1 in Necromancy
  2659 | D:3      | Reached skill level 1 in Translocations
  2659 | D:3      | Reached skill level 1 in Transmutations
  2659 | D:3      | Reached skill level 1 in Fire Magic
  2659 | D:3      | Reached skill level 1 in Air Magic
  2659 | D:3      | Reached skill level 1 in Earth Magic
  2659 | D:3      | Reached skill level 1 in Poison Magic
  3367 | D:3      | Reached XP level 5. HP: 35/37 MP: 8/12
  3420 | D:3      | Found a shadowy altar of Dithmenos.
  3422 | D:3      | Found a sparkling altar of Nemelex Xobeh.
  3849 | D:4      | Learned a level 3 spell: Ozocubu's Armour
  3854 | D:4      | Learned a level 4 spell: Hailstorm
  3904 | D:4      | Found a basalt altar of Yredelemnul.
  3904 | D:4      | Found an ancient bone altar of Kikubaaqudgha.
  3905 | D:4      | Noticed Menkaure
  3908 | D:4      | Found a transporter.
  3934 | D:4      | Found a white marble altar of Elyvilon.
  4325 | D:4      | Reached XP level 6. HP: 44/44 MP: 8/13
  4496 | D:4      | Found a transporter.
  4652 | D:5      | Entered Level 5 of the Dungeon
  4668 | D:5      | Noticed a steam dragon
  4678 | D:5      | Killed a steam dragon
  4679 | D:5      | Reached skill level 5 in Dodging
  4742 | D:5      | Found a staircase to the Ecumenical Temple.
  4755 | Temple   | Entered the Ecumenical Temple
  4790 | Temple   | Became a worshipper of Sif Muna the Loreminder
  4886 | D:5      | Reached XP level 7. HP: 36/50 MP: 5/15
  5272 | D:5      | Learned a level 5 spell: Metabolic Englaciation
  5459 | D:5      | Reached skill level 5 in Stealth
  5663 | D:6      | Reached XP level 8. HP: 29/57 MP: 1/16
  6639 | D:7      | Found a sand-covered staircase.
  6651 | Ossuary  | Entered an ossuary
  6732 | Ossuary  | Reached * piety under Sif Muna
  6913 | Ossuary  | Reached XP level 9. HP: 65/65 MP: 18/18
  7389 | Ossuary  | Reached skill level 8 in Ice Magic
  8456 | D:7      | Reached skill level 5 in Invocations
  8756 | D:8      | Reached ** piety under Sif Muna
  8872 | D:8      | Noticed Pikel
  8877 | D:8      | Killed Pikel
  8878 | D:8      | Reached skill level 5 in Fighting
  8878 | D:8      | Reached skill level 5 in Short Blades
  8878 | D:8      | Reached skill level 5 in Long Blades
  8878 | D:8      | Reached skill level 5 in Axes
  8878 | D:8      | Reached skill level 5 in Maces & Flails
  8878 | D:8      | Reached skill level 5 in Polearms
  8878 | D:8      | Reached skill level 5 in Staves
  8878 | D:8      | Reached skill level 5 in Slings
  8878 | D:8      | Reached skill level 5 in Bows
  8878 | D:8      | Reached skill level 5 in Crossbows
  8878 | D:8      | Reached skill level 5 in Throwing
  8878 | D:8      | Reached skill level 5 in Armour
  8878 | D:8      | Reached skill level 5 in Shields
  8878 | D:8      | Reached skill level 5 in Unarmed Combat
  8878 | D:8      | Reached skill level 5 in Evocations
  8878 | D:8      | Reached XP level 10. HP: 49/74 MP: 20/20
  9009 | D:8      | Found a snail-covered altar of Cheibriados.
  9388 | D:8      | Found a radiant altar of Vehumet.
  9391 | D:8      | Found an ornate altar of the Wu Jian Council.
  9391 | D:8      | Found a broken altar of Ashenzari.
  9392 | D:8      | Found a shimmering altar of Xom.
  9393 | D:8      | Found an opulent altar of Gozag.
  9393 | D:8      | Found a hide-covered altar of Uskayaw.
  9849 | D:9      | Identified 2 scrolls of acquirement
  9850 | D:9      | Acquired 797 gold pieces
  9852 | D:9      | Acquired a +1 pair of gloves of strength
 10700 | D:9      | Found a staircase to the Lair.
 10714 | Lair:1   | Entered Level 1 of the Lair of Beasts
 10774 | Lair:1   | Found a frozen archway.
 10795 | IceCv    | Entered an ice cave
 11072 | IceCv    | Reached XP level 11. HP: 72/81 MP: 12/22
 11213 | IceCv    | Reached skill level 5 in Conjurations
 11213 | IceCv    | Reached skill level 5 in Hexes
 11213 | IceCv    | Reached skill level 5 in Summonings
 11213 | IceCv    | Reached skill level 5 in Necromancy
 11213 | IceCv    | Reached skill level 5 in Translocations
 11213 | IceCv    | Reached skill level 5 in Transmutations
 11213 | IceCv    | Reached skill level 5 in Fire Magic
 11213 | IceCv    | Reached skill level 5 in Air Magic
 11213 | IceCv    | Reached skill level 5 in Earth Magic
 11213 | IceCv    | Reached skill level 5 in Poison Magic
 11223 | IceCv    | Reached *** piety under Sif Muna
 11401 | IceCv    | Reached skill level 9 in Ice Magic
 12197 | IceCv    | Noticed a death yak
 12197 | IceCv    | Noticed a frost giant
 12197 | IceCv    | Noticed a death yak
 12209 | IceCv    | Reached XP level 12. HP: 48/89 MP: 4/24
 12265 | IceCv    | Slain by a polar bear

Illustrated notes

Levels and vault maps discovered:
D:1:      minmay_arrival_plants_in_alcoves, layout_basic,
          ebering_ecumenical_altar_hall, minmay_distorted
D:2:      layout_rooms, lemuel_another_geyser, uniq_robin
D:3:      layout_basic, jmf_multi_god_temple
D:4:      layout_rooms, gammafunk_temple_of_torment, kennysheep_little_box,
          minmay_ruptured
D:5:      layout_rooms, temple_hall, serial_glass, glass_columns_b,
          glass_columns_a, hangedman_decor_opposing, kennysheep_generic_room_14
D:6:      layout_rooms
D:7:      layout_rooms, chequers_ossuary_entry_cave
D:8:      layout_basic, cheibriados_altar_1, grunt_temple_overflow_open,
          uniq_pikel
D:9:      layout_irregular_city, kennysheep_mini, grunt_lair_entry_orc_guard_hut
Temple:   nicolae_temple_figure_zero
Lair:1:   wad_woods_structure_01, layout_chaotic_city,
          ebering_ghost_rock_garden, portal_ice_cave_rime, serial_bayou_crossing
IceCv:    ice_cave_caverns_01

Skill      XL: |  1  2  3  4  5  6  7  8  9 10 11 |
---------------+----------------------------------+-----
Spellcasting   | 5 6 7 8 |  8.6
Invocations    | 1 2 3 4 5 6 7 |  7.5
Fighting       | 1 2 3 5 6 |  6.8
Short Blades   | 1 2 3 5 6 |  6.8
Long Blades    | 1 2 3 5 6 |  6.8
Axes           | 1 2 3 5 6 |  6.8
Maces & Flails | 1 2 3 5 6 |  6.8
Polearms       | 1 2 3 5 6 |  6.8
Staves         | 1 2 3 5 6 |  6.8
Slings         | 1 2 3 5 6 |  6.8
Bows           | 1 2 3 5 6 |  6.8
Crossbows      | 1 2 3 5 6 |  6.8
Throwing       | 1 2 3 5 6 |  6.8
Armour         | 1 2 3 5 6 |  6.8
Shields        | 1 2 3 5 6 |  6.8
Unarmed Combat | 1 2 3 5 6 |  6.8
Evocations     | 1 2 3 5 6 |  6.8
Conjurations   | 1 2 3 4 5 |  5.7
Hexes          | 1 2 3 4 5 |  5.7
Summonings     | 1 2 3 4 5 |  5.7
Necromancy     | 1 2 3 4 5 |  5.7
Translocations | 1 2 3 4 5 |  5.7
Transmutations | 1 2 3 4 5 |  5.7
Fire Magic     | 1 2 3 4 5 |  5.7
Air Magic      | 1 2 3 4 5 |  5.7
Earth Magic    | 1 2 3 4 5 |  5.7
Poison Magic   | 1 2 3 4 5 |  5.7
Dodging        | 5 6 7 8 |  8.3
Stealth        | 5 6 7 8 |  8.1
Ice Magic      | 8 9 |  9.2

Action                   |  1- 3 |  4- 6 |  7- 9 | 10-12 || total
-------------------------+-------+-------+-------+-------++-------
Melee: Dagger            |    74 |    97 |       |       ||   171
       Bite              |     9 |    13 |     1 |       ||    23
       Punch             |       |     1 |       |       ||     1
       Rapier            |       |     2 |    50 |       ||    52
       Staff             |       |       |       |    15 ||    15
       Hand axe          |       |       |       |    18 ||    18
 Fire: Triple crossbow   |       |       |   128 |    37 ||   165
 Cast: Freeze            |    28 |    13 |    17 |    33 ||    91
       Frozen Ramparts   |     4 |    24 |    19 |    24 ||    71
       Ozocubu's Armour  |       |     2 |     7 |     9 ||    18
       Metabolic Englaci |       |       |     5 |     1 ||     6
       Hailstorm         |       |       |     7 |    55 ||    62
Invok: Channel Magic     |       |       |       |     2 ||     2
Evoke: Wand              |       |       |     5 |     3 ||     8
       Lightning rod     |       |       |       |     4 ||     4
  Use: Scroll            |       |       |     9 |     8 ||    17
 Stab: Sleeping          |     6 |     4 |     5 |       ||    15
Armor: Robe              |    28 |    22 |       |       ||    50
       Steam dragon scal |       |     4 |    67 |    86 ||   157
Dodge: Dodged            |    79 |    58 |   180 |   163 ||   480

Table legend: (Time is in decaauts)
 A = Elapsed time spent in this place.
 B = Non-inter-level travel time spent in this place.
 C = Inter-level travel time spent in this place.
 D = Time resting spent in this place.
 E = Time spent auto-exploring this place.
 F = Levels seen in this place.
 G = Mean time per level.
                   A        B        C        D        E       F      G
               +--------+--------+--------+--------+--------+-----+--------+
         Total |  12450 |  12006 |    444 |   1689 |   8463 |  13 |  957.7 |
       Dungeon |   9775 |   9344 |    431 |    690 |   7411 |   9 | 1086.1 |
        Temple |     47 |     35 |     12 |      0 |     30 |   1 |   47.0 |
          Lair |     82 |     82 |      0 |      0 |     24 |   1 |   82.0 |
       Ossuary |   1074 |   1074 |      0 |    128 |    618 |   1 | 1074.0 |
      Ice Cave |   1470 |   1470 |      0 |    871 |    380 |   1 | 1470.0 |
               +--------+--------+--------+--------+--------+-----+--------+

Top non-repeatable levels by time:
     D:1: 1814 daAuts
   IceCv: 1470 daAuts
     D:7: 1209 daAuts
     D:3: 1142 daAuts
 Ossuary: 1074 daAuts
     D:5: 1063 daAuts
     D:4: 1058 daAuts
     D:8: 1030 daAuts
     D:9: 986 daAuts
     D:2: 742 daAuts
     D:6: 728 daAuts
  Lair:1: 82 daAuts
  Temple: 47 daAuts
